 Seeded DCSS version 0.28.0-43-g3370ac3207 (webtiles) character file.

Game seed: 9871404364189446373 (custom seed)

1967 croobank the Chopper (level 9, -5/79 HPs)
             Began as a Hill Orc Fighter on Mar 24, 2022.
             Was a Follower of Beogh.
             Killed from afar by an acid dragon (20 damage)
             ... with a splash of acid
             ... on level 5 of the Dungeon on Mar 25, 2022.
             The game lasted 00:23:14 (5753 turns).

croobank the Chopper (Hill Orc Fighter)             Turns: 5753, Time: 00:23:23

Health: -5/79      AC: 10    Str: 23    XL:     9   Next: 19%
Magic:  13/13      EV:  7    Int:  8    God:    Beogh [*.....]
Gold:   318        SH:  5    Dex: 10    Spells: 8/8 levels left

rFire   . . .      SeeInvis .   a - +1 war axe
rCold   . . .      Faith    .   c - +0 buckler
rNeg    + . .      Spirit   .   x - +0 chain mail
rPois   .          Reflect  .   (no helmet)
rElec   .          Harm     .   (no cloak)
rCorr   .          Rampage  .   (no gloves)
Will    .....                   (no boots)
Stlth   ..........              (no amulet)
HPRegen 0.23/turn               y - +4 ring of protection
MPRegen 0.13/turn               d - ring of positive energy

@: about to teleport, corroded
A: no striking features
a: Renounce Religion


You were on level 5 of the Dungeon.
You worshipped Beogh.
Beogh was aware of your devotion.
You visited 1 branch of the dungeon, and saw 6 of its levels.
You also visited: Sewer.

You collected 318 gold pieces.

Inventory:

Hand Weapons
 a - a +1 war axe (weapon)
 l - a +0 halberd of distortion
Missiles
 e - 162 stones (quivered)
 g - 156 arrows
 p - 3 poisoned darts
 r - a boomerang
 s - 90 sling bullets
Armour
 c - a +0 buckler (worn)
 x - a +0 chain mail (worn)
Jewellery
 d - a ring of positive energy (right hand)
 w - a ring of protection from cold
 y - a +4 ring of protection (left hand)
Wands
 u - a wand of mindburst (3)
Scrolls
 b - a scroll of noise {unknown}
 f - 4 scrolls of teleportation {teleport}
 h - a scroll of fog {unknown}
 i - a scroll of holy word {holy word, unknown}
 k - 2 scrolls of identify {identify, unknown}
 m - 4 scrolls of amnesia {amnesia, unknown}
 n - a scroll of immolation {immolation, unknown}
 t - a scroll of torment {torment, unknown}
Potions
 o - a potion of haste
 q - 2 potions of attraction {attraction, unknown}
 v - a potion of flight {flight, unknown}


   Skills:
 + Level 7.3 Fighting
 + Level 7.4 Axes
 + Level 6.7 Armour
 + Level 6.6 Shields
 + Level 6.3 Invocations


You had 8 spell levels left.
You didn't know any spells.
Your spell library contained the following spells:

 Spells                   Type           Power      Damage    Failure   Level
 Beastly Appendage        Tmut           0%         N/A       98%         1
 Sting                    Tmut/Pois      0%         1d3       98%         1
 Poisonous Vapours        Pois/Air       0%         N/A       99%         2
 Wereblood                Tmut           0%         N/A       99%         2
 Ignite Poison            Fire/Tmut/Pois 0%         N/A       100%        3
 Mephitic Cloud           Conj/Pois/Air  0%         N/A       100%        3
 Spider Form              Tmut/Pois      0%         N/A       100%        3
 Olgreb's Toxic Radiance  Pois           0%         N/A       100%        4
 Freezing Cloud           Conj/Ice/Air   0%         6-21      100%        5


Dungeon Overview and Level Annotations

Branches:
Dungeon (6/15)              Sewer (visited)
 Temple: D:4-7

Altars:
Elyvilon


Message History

The sky beast is moderately wounded.
You hit the acid dragon but do no damage.
You block the sky beast's attack.
The acid dragon bites you but does no damage.
The acid dragon claws you but does no damage.
Unknown command.
You closely miss the sky beast.
The sky beast is moderately wounded.
You barely miss the acid dragon. You block the sky beast's attack.
The acid dragon spits acid at you. The splash of acid hits you!!
* * * LOW HITPOINT WARNING * * *
As you read the scroll of teleportation {teleport}, it crumbles to dust.
You feel strangely unstable.
The sky beast flickers out of sight!
Deactivating autopickup; reactivate with Ctrl-A.
Something hits you but does no damage. The acid dragon bites you.
* * * LOW HITPOINT WARNING * * *
You block the acid dragon's attack.
Okay, then.
You hit the acid dragon.
The acid dragon is heavily wounded.
You miss something. Something hits you but does no damage.
The acid dragon barely misses you.
The acid dragon claws you but does no damage.
You barely miss the acid dragon.
The acid dragon is heavily wounded.
You miss something. Something hits you but does no damage.
The acid dragon bites you.
* * * LOW HITPOINT WARNING * * *
You block the acid dragon's attack.
A sky beast appears from thin air!
Reactivating autopickup.
The sky beast hits you but does no damage.
You hit the acid dragon but do no damage.
The acid dragon is heavily wounded.
You miss the sky beast.
The acid dragon bites you but does no damage.
The acid dragon completely misses you. You block the sky beast's attack.
The acid dragon spits acid at you. The splash of acid hits you!!
You die...

#...# #.#.# #.#.####
#####.#....########
#<.....#.#.#.#.#.#)
#######.#.#.#.#.#.#
####..[#.#.#.#.#.#.
#..D..#.#.#.#.#.#.#
##@#.......#.#.#.#.
#Y#†.#...#.#.#.#.#
#h>..+...+#.#.#.#.
#..).#...#.#.#.#.#
#...#.#+#.#.#.#.#.
#....#.#.#.#.#.#.#
#.....#.#.#.#.....
###..#.#.#.#.#...#
######...#.#.#.#.....


You could see a black bear, an acid dragon (catching breath) and a sky beast.

Vanquished Creatures
  Pikel (D:5)
  Menkaure (D:5)
  3 water moccasins
  A sky beast (D:5)
  A black bear (D:4)
  2 ogres
  2 centaurs (D:5)
  A lemure (D:5)
  2 bullfrogs
  2 scorpions (D:5)
  2 jellies
  2 iguanas (D:5)
  Ijyb (D:5)
  An orc wizard (D:5)
  2 adders
  2 river rats
  A white imp (D:5)
  2 adder skeletons (D:4)
  A worm (D:2)
  2 dart slugs
  8 orcs
  12 endoplasms
  7 goblins
  3 hobgoblins
  7 jackals (D:4)
  3 quokkas
  7 ball pythons
  12 bats
  3 frilled lizards
  2 kobolds
  2 rats (D:2)
98 creatures vanquished.

Vanquished Creatures (others)
  An orc wizard (D:5)
  3 orcs (D:3)
  A ball python (D:3)
5 creatures vanquished.

Grand Total: 103 creatures vanquished

Notes
Turn   | Place    | Note
-------+----------+-------------------------------------------
     0 | D:1      | croobank the Hill Orc Fighter began the quest for the Orb.
     0 | D:1      | Reached XP level 1. HP: 19/19 MP: 1/1
   307 | D:1      | Reached XP level 2. HP: 27/27 MP: 2/2
   985 | D:2      | Reached XP level 3. HP: 33/33 MP: 3/3
  1576 | D:3      | Became a worshipper of Beogh the Brigand
  1677 | D:3      | Reached XP level 4. HP: 40/40 MP: 4/4
  2091 | D:4      | Noticed a black bear
  2097 | D:4      | Killed a black bear
  2098 | D:4      | Reached skill level 1 in Invocations
  2098 | D:4      | Reached XP level 5. HP: 16/47 MP: 4/6
  2246 | D:4      | Noticed an ogre
  2256 | D:4      | Killed an ogre
  2257 | D:4      | Reached XP level 6. HP: 47/55 MP: 7/7
  2473 | D:4      | Reached skill level 5 in Fighting
  2532 | D:4      | Reached * piety under Beogh
  2877 | D:5      | Entered Level 5 of the Dungeon
  2959 | D:5      | Found a glowing drain.
  3270 | D:5      | Reached skill level 5 in Axes
  3270 | D:5      | Reached XP level 7. HP: 29/61 MP: 9/9
  3293 | D:5      | Reached skill level 5 in Armour
  3512 | Sewer    | Entered a sewer
  3518 | Sewer    | Reached skill level 5 in Shields
  3717 | D:5      | Noticed Ijyb
  3728 | D:5      | Killed Ijyb
  3759 | D:5      | Noticed Pikel
  4266 | D:5      | Noticed Menkaure
  4281 | D:5      | Killed Menkaure
  4282 | D:5      | Reached XP level 8. HP: 42/70 MP: 11/11
  4573 | D:5      | Killed Pikel
  4574 | D:5      | Reached skill level 5 in Invocations
  5013 | D:6      | Found a white marble altar of Elyvilon.
  5136 | D:6      | Reached XP level 9. HP: 72/79 MP: 13/13
  5753 | D:5      | Killed from afar by an acid dragon

Illustrated notes

Levels and vault maps discovered:
D:1:      onia_arrival_mini_maze_b, layout_basic, bh_walls_and_bars
D:2:      layout_basic, serial_glass, glass_columns_c, glass_columns_b,
          nrook_campfire, minmay_tripent
D:3:      layout_basic, minmay_misc_feat_encased
D:4:      layout_cave_pools
D:5:      layout_basic, cheibrodos_sewer_entry_sluice, uniq_ijyb, uniq_pikel,
          uniq_menkaure
D:6:      cheibrodos_fzero, layout_basic, mainiacjoe_overflow_tiny_flanked,
          nicolae_specific_store, minmay_starry_boxes

Skill      XL: |  1  2  3  4  5  6  7  8  9 |
---------------+----------------------------+-----
Axes           | 3 4 5 7 |  7.4
Fighting       | 4 5 6 7 |  7.3
Armour         | 4 5 6 |  6.7
Shields        | 4 5 6 |  6.6
Invocations    | 1 2 3 4 5 6 |  6.3

Action                   |  1- 3 |  4- 6 |  7- 9 || total
-------------------------+-------+-------+-------++-------
Melee: War axe           |    80 |   103 |   127 ||   310
Throw: Stone             |     2 |       |       ||     2
       Boomerang         |     1 |     3 |       ||     4
       Throwing net      |       |     1 |       ||     1
Invok: Convert to Beogh  |     1 |       |       ||     1
  Use: Potion            |       |     3 |     5 ||     8
       Scroll            |       |     1 |     2 ||     3
Armor: Scale mail        |    44 |    33 |       ||    77
       Chain mail        |       |    46 |   137 ||   183
Dodge: Dodged            |    40 |    62 |    85 ||   187
Block: Buckler           |    16 |    26 |    58 ||   100
